[Event "Titled Tuesday Blitz January 25 2022"]
[White "Poliannikov, Danila"]
[Black "Xiong, Jeffery"]
[WhiteFideId "30935245"]
[BlackFideId "2047640"]
[WhiteElo "2500"]
[BlackElo "2727"]
[Result "1-0"]
[Round "01"]
[TimeControl "180+1"]
[Date "2022.01.26"]
[WhiteClock "0:00:02"]
[BlackClock "0:00:01"]

1. Nf3 d5 2. e3 Nf6 3. c4 e6 4. b3 b6 5. Bb2 Bb7 6. Be2 Nbd7 7. O-O Bd6 8. d4 O-O 9. Nbd2 Ne4 10. Rc1 f5 11. Ne5 Nxe5 12. dxe5 Bb4 13. Nf3 Qe7 14. Nd4 Rfd8 15. a3 Bc5 16. Qc2 dxc4 17. Bxc4 Bxd4 18. Bxd4 c5 19. Bc3 Bd5 20. Be1 Qg5 21. f3 Qxe3+ 22. Kh1 Bxc4 23. Qxc4 Ng5 24. Bh4 Rd4 25. Bxg5 Qxg5 26. Qxe6+ Kh8 27. f4 Rxf4 28. Rxf4 Qxf4 29. Rd1 h6 30. h3 Rg8 31. Rd7 Qc1+ 32. Kh2 Qf4+ 33. Kh1 Qc1+ 34. Kh2 Qxa3 35. Qxf5 Qxb3 36. e6 Re8 37. e7 Qg8 38. Qe5 c4 39. Qd6 c3 40. Rd8 Kh7 41. Rxe8 Qxe8 42. Qd3+ Kg8 43. Qd5+ Kh7 44. Qd8 Qf7 45. e8=Q Qf4+ 46. Kh1 Qc1+ 47. Kh2 Qf4+ 48. Kg1 Qc1+ 49. Kf2 Qf4+ 50. Ke2 Qf5 51. Qd3 1-0


[Site "https://www.chess.com"]

[Event "Titled Tuesday Blitz January 25 2022"]
[White "Popadic, Dragan"]
[Black "Shipov, Sergei"]
[WhiteFideId "913650"]
[BlackFideId "4113624"]
[WhiteElo "2199"]
[BlackElo "2771"]
[Result "0-1"]
[Round "01"]
[TimeControl "180+1"]
[Date "2022.01.26"]
[WhiteClock "0:00:01"]
[BlackClock "0:00:13"]

1. e4 c5 2. Nc3 d6 3. f4 g6 4. Nf3 Bg7 5. Bc4 Nc6 6. d3 e6 7. O-O Nge7 8. Qe1 h6 9. Bb3 a6 10. a4 Rb8 11. Ne2 b5 12. axb5 axb5 13. c3 b4 14. Bc2 O-O 15. f5 exf5 16. Qh4 fxe4 17. dxe4 bxc3 18. bxc3 d5 19. Bxh6 f6 20. Nf4 Rb2 21. Rac1 Rxc2 22. Rxc2 dxe4 23. Bxg7 Kxg7 24. Rd2 Qc7 25. Ne1 Nf5 26. Qg4 Ne5 27. Nh5+ Kh6 28. Qe2 e3 29. Rd5 gxh5 30. Nf3 Ng6 31. Ne1 Nf4 32. Rxf4 Qxf4 33. Rxc5 Re8 34. Nd3 Qg4 35. Qe1 e2 36. Nf2 Qf4 37. g3 Qe3 0-1


[Site "https://www.chess.com"]

[Event "Titled Tuesday Blitz January 25 2022"]
[White "Pourkashiyan, Atousa"]
[Black "Kravtsiv, Martyn"]
[WhiteFideId "12502014"]
[BlackFideId "14113147"]
[WhiteElo "2247"]
[BlackElo "2694"]
[Result "1/2-1/2"]
[Round "01"]
[TimeControl "180+1"]
[Date "2022.01.26"]
[WhiteClock "0:00:09"]
[BlackClock "0:00:05"]

1. e4 e5 2. Nf3 Nc6 3. Bb5 a6 4. Ba4 Nf6 5. O-O Be7 6. Re1 b5 7. Bb3 O-O 8. a4 b4 9. d3 d6 10. h3 Na5 11. Ba2 c5 12. Nbd2 Be6 13. Nf1 Bxa2 14. Rxa2 Rb8 15. b3 Nc6 16. Ne3 Qd7 17. Ra1 g6 18. Bd2 Rfe8 19. Qe2 Bf8 20. Nh2 Nd4 21. Qd1 h5 22. Nf3 Ne6 23. Nf1 Bg7 24. Ng5 Nd4 25. Nf3 Nh7 26. Nxd4 cxd4 27. Qc1 a5 28. Bh6 Rbc8 29. Bxg7 Kxg7 30. Nd2 Rc5 31. Nc4 g5 32. Qd2 f6 33. Rf1 Nf8 34. Qe2 Kh6 35. Kh2 Ng6 36. g3 Rg8 37. Qf3 Qe6 38. Rae1 Rf8 39. Qe2 f5 40. exf5 Qxf5 41. Qd1 d5 42. Nd2 Rfc8 43. Qf3 Qe6 44. Qd1 Qf6 45. Nf3 Rxc2 46. Kg2 Rc1 47. Qxc1 Rxc1 48. Rxc1 e4 49. Ne1 Qf5 50. Rd1 g4 51. dxe4 Qxe4+ 52. Kh2 Ne5 53. h4 Qe2 54. Ng2 Nf3+ 55. Kh1 Qc2 56. Nf4 Qxb3 57. Rc1 d3 58. Rc6+ Kg7 59. Rfc1 d2 60. Rc7+ Kf6 61. R1c6+ Ke5 62. Re6+ Kd4 63. Ne2+ Kd3 64. Nf4+ Kd4 65. Ne2+ Kd3 66. Nf4+ Kd4 1/2-1/2


[Site "https://www.chess.com"]

[Event "Titled Tuesday Blitz January 25 2022"]
[White "Priasmoro, Novendra"]
[Black "Majdan, Joanna"]
[WhiteFideId "7105029"]
[BlackFideId "1121979"]
[WhiteElo "2309"]
[BlackElo "2234"]
[Result "1-0"]
[Round "01"]
[TimeControl "180+1"]
[Date "2022.01.26"]
[WhiteClock "0:01:06"]
[BlackClock "0:01:09"]

1. e4 c5 2. Nf3 e6 3. d4 cxd4 4. Nxd4 a6 5. Bd3 Nf6 6. O-O Qc7 7. Qe2 d6 8. Nc3 Be7 9. Bd2 Nc6 10. Nb3 O-O 11. Rae1 b5 12. f4 b4 13. Nd1 a5 14. Ne3 a4 15. Nc1 Nd4 16. Qf2 Bb7 17. e5 Nd7 18. Ng4 dxe5 19. fxe5 Nxc2 20. Nh6+ Kh8 21. Nxf7+ Kg8 22. Qg3 Nxe1 23. Bxh7+ Kxh7 24. Qh3+ Kg8 25. Qh8# 1-0


[Site "https://www.chess.com"]

[Event "Titled Tuesday Blitz January 25 2022"]
[White "Przybylski, Wojciech"]
[Black "Kamsky, Gata"]
[WhiteFideId "1117599"]
[BlackFideId "2000024"]
[WhiteElo "2133"]
[BlackElo "2645"]
[Result "1-0"]
[Round "01"]
[TimeControl "180+1"]
[Date "2022.01.26"]
[WhiteClock "0:00:06"]
[BlackClock "0:00:04"]

1. e4 e5 2. Nf3 Nc6 3. Bb5 a6 4. Ba4 Nf6 5. O-O Be7 6. Re1 b5 7. Bb3 d6 8. c3 O-O 9. d4 Bg4 10. Be3 Bh5 11. h3 Qc8 12. Nbd2 Kh8 13. a4 Na5 14. Bc2 c5 15. dxe5 dxe5 16. Qe2 c4 17. Nf1 Nd7 18. Ng3 Bg6 19. Nf5 Bc5 20. Red1 Rd8 21. Rd5 f6 22. Rad1 Nb7 23. Bxc5 Ndxc5 24. Rxd8+ Nxd8 25. N3h4 Bf7 26. Nd6 Qc6 27. Nhf5 Nce6 28. Ne7 Qc7 29. Nxf7+ Nxf7 30. Nd5 Qc5 31. Qg4 Re8 32. a5 Kg8 33. h4 Qc6 34. Nxf6+ Kh8 35. Nxe8 Qxe8 36. Qg3 g6 37. Qe3 Qe7 38. g3 Nc5 39. Rd5 Ne6 40. Qb6 Kg7 41. Qxa6 g5 42. Qxb5 gxh4 43. Rxe5 hxg3 44. fxg3 Qa7+ 45. Kg2 Nxe5 46. Qxe5+ Kf7 47. Qf5+ 1-0


[Site "https://www.chess.com"]

[Event "Titled Tuesday Blitz January 25 2022"]
[White "Richter, Nils"]
[Black "Kosakowski, Jakub"]
[WhiteFideId "12990809"]
[BlackFideId "1185080"]
[WhiteElo "2289"]
[BlackElo "2476"]
[Result "0-1"]
[Round "01"]
[TimeControl "180+1"]
[Date "2022.01.26"]
[WhiteClock "0:00:14"]
[BlackClock "0:00:11"]

1. Nf3 d5 2. b3 Bf5 3. Bb2 e6 4. e3 h6 5. c4 Nf6 6. Nc3 c6 7. Be2 Bd6 8. Rc1 Nbd7 9. d3 O-O 10. O-O Bh7 11. Nd4 Qe7 12. cxd5 exd5 13. Bf3 Ne5 14. Be2 Rfe8 15. Nf3 Rad8 16. Nxe5 Qxe5 17. g3 Qe6 18. Bf3 Qf5 19. Be2 h5 20. Na4 h4 21. Nc5 hxg3 22. hxg3 Re7 23. Kg2 Bg6 24. Rh1 b6 25. Na4 c5 26. Bxf6 Qxf6 27. Bf3 Be5 28. Rh4 Bf5 29. Qh1 g6 30. e4 dxe4 31. dxe4 Bc8 32. Rd1 Rxd1 33. Qxd1 Re8 34. Qd5 Rd8 35. Qc4 a6 36. Qe2 Bb7 37. Rh1 Bd4 38. Rc1 Qe5 39. Qc4 b5 40. Qc2 bxa4 41. bxa4 Re8 42. Rb1 Bxe4 43. Bxe4 Qxe4+ 44. Qxe4 Rxe4 45. Rb8+ Kg7 46. Ra8 Re2 47. Rxa6 Rxf2+ 48. Kh3 Rxa2 49. a5 c4 50. Ra8 c3 51. a6 c2 52. Rc8 Be3 53. a7 c1=Q 54. a8=Q Rxa8 55. Rxa8 Qh1+ 56. Kg4 f5# 0-1


[Site "https://www.chess.com"]

[Event "Titled Tuesday Blitz January 25 2022"]
[White "Rodchenkov, Sergey D."]
[Black "Piorun, Kacper"]
[WhiteFideId "4168712"]
[BlackFideId "1130420"]
[WhiteElo "2306"]
[BlackElo "2571"]
[Result "0-1"]
[Round "01"]
[TimeControl "180+1"]
[Date "2022.01.26"]
[WhiteClock "0:00:07"]
[BlackClock "0:00:06"]

1. e4 c5 2. Nf3 d6 3. d4 cxd4 4. Nxd4 Nf6 5. Nc3 a6 6. Bg5 Nbd7 7. Qe2 g6 8. O-O-O Bg7 9. f4 Qc7 10. Bxf6 Nxf6 11. e5 dxe5 12. fxe5 Ng4 13. Nf3 Be6 14. Re1 O-O-O 15. h3 Bh6+ 16. Kb1 Ne3 17. g4 Nc4 18. g5 Bg7 19. Ka1 Kb8 20. Qe4 Rc8 21. Bxc4 Qxc4 22. Nd4 Rc5 23. Qf4 Rd8 24. Re4 Ka8 25. Rhe1 Bxe5 26. Rxe5 Rxd4 27. Rxc5 Qxc5 28. Qe3 Qd6 29. Kb1 Bf5 30. Kc1 Qh2 31. Qxd4 Qxc2# 0-1


[Site "https://www.chess.com"]

[Event "Titled Tuesday Blitz January 25 2022"]
[White "Ruperez Benito, Antonio"]
[Black "Saya, Ethan"]
[WhiteFideId "22245049"]
[BlackFideId "26095181"]
[WhiteElo "2249"]
[BlackElo "2255"]
[Result "1-0"]
[Round "01"]
[TimeControl "180+1"]
[Date "2022.01.26"]
[WhiteClock "0:01:09"]
[BlackClock "0:00:08"]

1. d4 Nf6 2. c4 e6 3. Nf3 b6 4. g3 Bb7 5. Bg2 Be7 6. O-O O-O 7. Nc3 Ne4 8. Qc2 Nxc3 9. bxc3 f5 10. a4 a5 11. Rb1 Be4 12. Qb2 Bxb1 13. Qxb1 Nc6 14. d5 exd5 15. cxd5 Na7 16. Nd4 g6 17. e4 fxe4 18. Bxe4 Bf6 19. Ba3 Re8 20. d6 Bxd4 21. cxd4 Nc6 22. Bxg6 Re6 23. Bxh7+ Kh8 24. d5 Rf6 25. dxc6 dxc6 26. dxc7 Qxc7 27. Bb2 Qxh7 28. Bxf6+ Kg8 29. Qxh7+ Kxh7 30. Rb1 Rb8 31. Be5 Rb7 32. Bd4 b5 33. Rc1 Rc7 34. axb5 Rd7 35. bxc6 Rxd4 36. c7 Rc4 37. Rxc4 1-0


[Site "https://www.chess.com"]

[Event "Titled Tuesday Blitz January 25 2022"]
[White "Sadhwani, Raunak"]
[Black "Ogloblin, Nikolay"]
[WhiteFideId "35093487"]
[BlackFideId "4139658"]
[WhiteElo "2616"]
[BlackElo "2306"]
[Result "1-0"]
[Round "01"]
[TimeControl "180+1"]
[Date "2022.01.26"]
[WhiteClock "0:00:13"]
[BlackClock "0:01:11"]

1. e4 c5 2. Nc3 a6 3. Nf3 e6 4. d4 cxd4 5. Nxd4 Qc7 6. Bd3 Nf6 7. O-O Bc5 8. Nb3 Bb4 9. Bd2 Nc6 10. a3 Be7 11. f4 d6 12. Qf3 b5 13. Rae1 Bb7 14. g4 h5 15. g5 Nd7 16. Qh3 Nc5 17. g6 Bf6 18. gxf7+ Qxf7 19. Nxc5 dxc5 20. e5 Be7 21. f5 O-O-O 22. fxe6 Qe8 23. Ne4 c4 24. Nd6+ Bxd6 25. exd6 Rxd6 26. Bf4 Rxd3 27. cxd3 Qe7 28. dxc4 g5 29. Be5 g4 30. Qe3 Re8 31. Rf7 Qd8 32. Rc7+ Qxc7 33. Bxc7 Kxc7 34. cxb5 axb5 35. Qc5 Re7 36. Qxh5 Kd6 37. Qxb5 Bc8 38. Rd1+ Kc7 39. Re1 Bxe6 40. Qc5 Re8 41. b4 Kd7 42. Rd1+ Kc7 43. b5 Bd7 44. Rxd7+ Kxd7 45. Qxc6+ 1-0


[Site "https://www.chess.com"]

[Event "Titled Tuesday Blitz January 25 2022"]
[White "Samunenkov, Ihor"]
[Black "Debray, Christopher"]
[WhiteFideId "14187086"]
[BlackFideId "630810"]
[WhiteElo "2406"]
[BlackElo "2369"]
[Result "1-0"]
[Round "01"]
[TimeControl "180+1"]
[Date "2022.01.26"]
[WhiteClock "0:00:04"]
[BlackClock "0:00:09"]

1. e4 e5 2. Nf3 Nf6 3. Nc3 Bb4 4. Nxe5 O-O 5. Be2 Bxc3 6. dxc3 Re8 7. Nd3 Nxe4 8. O-O d6 9. Nf4 Nc6 10. Nd5 Bf5 11. c4 Qd7 12. b3 Ne5 13. Bb2 a5 14. a4 h6 15. Qd4 f6 16. Bh5 Bg6 17. Bxg6 Nxg6 18. Rae1 Ng5 19. f4 Nh7 20. Qd3 Ngf8 21. f5 Qf7 22. Bd4 c6 23. Nf4 Rxe1 24. Rxe1 Re8 25. Kf2 Rxe1 26. Kxe1 Ng5 27. Qe3 Qd7 28. h4 Nf7 29. g4 Ne5 30. Qe2 Kf7 31. Bc3 d5 32. cxd5 cxd5 33. Bxa5 d4 34. Bb4 Qc7 35. Bxf8 Kxf8 36. Ne6+ Kf7 37. Nxc7 d3 38. cxd3 Nc6 39. Qe6+ Kf8 40. Qe8# 1-0


[Site "https://www.chess.com"]

[Event "Titled Tuesday Blitz January 25 2022"]
[White "Sanal, Vahap"]
[Black "Michelakos, Panagiotis"]
[WhiteFideId "6300545"]
[BlackFideId "4216067"]
[WhiteElo "2603"]
[BlackElo "2140"]
[Result "1-0"]
[Round "01"]
[TimeControl "180+1"]
[Date "2022.01.26"]
[WhiteClock "0:01:23"]
[BlackClock "0:00:08"]

1. e4 c5 2. Nc3 e6 3. g3 Nc6 4. Bg2 Nf6 5. d3 d5 6. exd5 exd5 7. Bg5 d4 8. Ne4 Be7 9. Bxf6 Bxf6 10. Ne2 O-O 11. O-O Be7 12. Nf4 Bf5 13. Re1 Rc8 14. Qh5 Bg6 15. Qh3 b6 16. Re2 f5 17. Nd2 Bg5 18. Ne6 Qf6 19. Bd5 Bf7 20. Nxf8 Bxd5 21. Nxh7 Qg6 22. Nxg5 Qxg5 23. Rae1 Kf7 24. Nc4 Bf3 25. Nd6+ 1-0


[Site "https://www.chess.com"]

[Event "Titled Tuesday Blitz January 25 2022"]
[White "Sapunov, Evgeny"]
[Black "Shvedova, Alexandra"]
[WhiteFideId "4126661"]
[BlackFideId "54154782"]
[WhiteElo "2470"]
[BlackElo "1920"]
[Result "1-0"]
[Round "01"]
[TimeControl "180+1"]
[Date "2022.01.26"]
[WhiteClock "0:01:12"]
[BlackClock "0:00:03"]

1. c4 e6 2. Nf3 d5 3. d4 Nf6 4. Nc3 dxc4 5. e4 b5 6. e5 Nd5 7. Nxb5 Nb6 8. Be2 Nc6 9. Qd2 Be7 10. O-O O-O 11. Qf4 Rb8 12. Qg3 Kh8 13. Rd1 Ba6 14. Nc3 Nd5 15. h4 Ncb4 16. Bg5 Nxc3 17. bxc3 Nd5 18. Rac1 Rb2 19. Rd2 Bxg5 20. hxg5 Rxd2 21. Nxd2 Nb6 22. Ne4 Bb7 23. Nc5 Bd5 24. Qe3 Nd7 25. Ne4 Bxe4 26. Qxe4 Qxg5 27. Rb1 Nb6 28. Qc2 h5 29. a4 a5 30. Rb5 h4 31. Rxa5 Nd5 32. Bf3 Nf4 33. Kh2 Nd3 34. Rb5 Qf4+ 35. Kg1 h3 36. Rb1 h2+ 37. Kh1 g5 38. Rf1 g4 39. Bd1 g3 40. Bf3 Nxf2+ 41. Rxf2 gxf2 42. Qxf2 Rb8 43. Qe1 Kg7 44. a5 Kf8 45. a6 Ke7 46. a7 Rh8 47. a8=Q Rxa8 48. Bxa8 Qf5 49. Bf3 Qf4 50. Qa1 Qe3 51. Kxh2 1-0


[Site "https://www.chess.com"]

[Event "Titled Tuesday Blitz January 25 2022"]
[White "Sarana, Alexey"]
[Black "Sadykov, Ramil"]
[WhiteFideId "24133795"]
[BlackFideId "24113590"]
[WhiteElo "2665"]
[BlackElo "2300"]
[Result "1-0"]
[Round "01"]
[TimeControl "180+1"]
[Date "2022.01.26"]
[WhiteClock "0:01:04"]
[BlackClock "0:00:02"]

1. d4 Nf6 2. c4 g6 3. Nc3 d5 4. cxd5 Nxd5 5. e4 Nxc3 6. bxc3 Bg7 7. Nf3 c5 8. Bb5+ Bd7 9. Be2 O-O 10. Be3 cxd4 11. cxd4 Qa5+ 12. Bd2 Qa4 13. Qxa4 Bxa4 14. Rc1 Nd7 15. Bb4 Rfc8 16. O-O e6 17. Bd6 Bf8 18. Bxf8 Kxf8 19. Bd3 Ke7 20. Rfe1 Nb6 21. Kf1 Rxc1 22. Rxc1 Rc8 23. Rxc8 Nxc8 24. Ke2 Nd6 25. Ke3 Bb5 26. Bc2 Nc4+ 27. Kf4 f6 28. h4 Na3 29. Bb3 Bc4 30. e5 Bxb3 31. axb3 Nb5 32. g4 Nc3 33. exf6+ Kxf6 34. Ne5 Nd5+ 35. Ke4 h6 36. f4 Nc3+ 37. Kd3 Nd5 38. g5+ Kg7 39. Ke4 Nc3+ 40. Kf3 Nd5 41. Nd7 b6 42. Ke4 hxg5 43. fxg5 Kf7 44. Ne5+ Kg7 45. Nc6 a5 46. Ke5 Ne3 47. Kxe6 Ng2 48. d5 Nf4+ 49. Ke5 Nd3+ 50. Kd6 Nc5 51. Kc7 Kf7 52. d6 1-0


[Site "https://www.chess.com"]

[Event "Titled Tuesday Blitz January 25 2022"]
[White "Seo, Jung Min"]
[Black "Todorovic, Bojan"]
[WhiteFideId "1734687"]
[BlackFideId "917087"]
[WhiteElo "2401"]
[BlackElo "2266"]
[Result "1/2-1/2"]
[Round "01"]
[TimeControl "180+1"]
[Date "2022.01.26"]
[WhiteClock "0:00:21"]
[BlackClock "0:00:21"]

1. d4 Nf6 2. c4 g6 3. Nc3 Bg7 4. e4 O-O 5. f3 d6 6. Be3 e5 7. Nge2 c6 8. Qd2 a6 9. d5 cxd5 10. cxd5 Nbd7 11. g4 h5 12. h3 Nh7 13. gxh5 Qh4+ 14. Bf2 Qxh5 15. Bg2 b5 16. h4 f5 17. Ng3 Qh6 18. Qxh6 Bxh6 19. h5 f4 20. hxg6 fxg3 21. gxh7+ Kxh7 22. Bxg3 Nc5 23. Rd1 b4 24. Ne2 Bd7 25. Bf2 Rac8 26. Be3 Rf6 27. f4 exf4 28. Bxf4 Bb5 29. Bxh6 Rxh6 30. Rxh6+ Kxh6 31. Nd4 Nd3+ 32. Kd2 Nxb2 33. Rh1+ Kg5 34. Nxb5 axb5 35. Rb1 Nc4+ 36. Ke2 Ra8 37. Rxb4 Rxa2+ 38. Kf3 Ra3+ 39. Kf2 Ra2+ 40. Kg3 Ra3+ 41. Kh2 Ra2 42. Rb3 Kf4 43. Kg1 Ne3 44. Bh1 Ra1+ 45. Kh2 Ng4+ 46. Kg2 Ra2+ 47. Kg1 Ra1+ 48. Kg2 Ra2+ 49. Kg1 Ra1+ 50. Kg2 1/2-1/2


[Site "https://www.chess.com"]

[Event "Titled Tuesday Blitz January 25 2022"]
[White "Shevchenko, Kirill"]
[Black "Atanasov, Anthony"]
[WhiteFideId "14129574"]
[BlackFideId "2623897"]
[WhiteElo "2624"]
[BlackElo "1928"]
[Result "1-0"]
[Round "01"]
[TimeControl "180+1"]
[Date "2022.01.26"]
[WhiteClock "0:01:11"]
[BlackClock "0:00:14"]

1. d4 Nf6 2. Bg5 Ne4 3. Bf4 d5 4. e3 e6 5. Nd2 Nf6 6. Bd3 Bd6 7. Ngf3 b6 8. c3 O-O 9. Ne5 Ba6 10. Bxa6 Nxa6 11. h4 Nd7 12. Nc6 Qf6 13. Bg5 Qg6 14. Qa4 Nab8 15. Be7 Re8 16. Bxd6 cxd6 17. Nxb8 Qxg2 18. O-O-O b5 19. Qxb5 Raxb8 20. Qxd7 Qxf2 21. Rhf1 Qxe3 22. Qxf7+ Kh8 23. Rde1 Qh6 24. Qd7 Rbd8 25. Rxe6 Qxe6 26. Rf8+ Qg8 27. Rxg8+ Kxg8 28. Qxa7 Re1+ 29. Kc2 Rf8 30. Qb7 Re2 31. Qxd5+ Kh8 32. Kd3 1-0


[Site "https://www.chess.com"]

[Event "Titled Tuesday Blitz January 25 2022"]
[White "Shuvalov, Evgenij"]
[Black "Jones, Gawain C B"]
[WhiteFideId "4187237"]
[BlackFideId "409561"]
[WhiteElo "2119"]
[BlackElo "2657"]
[Result "0-1"]
[Round "01"]
[TimeControl "180+1"]
[Date "2022.01.26"]
[WhiteClock "0:00:17"]
[BlackClock "0:02:34"]

1. Nf3 Nf6 2. c4 g6 3. d4 Bg7 4. Nc3 O-O 5. e4 d6 6. Be2 Nbd7 7. O-O e5 8. Be3 Qe7 9. Qc2 c6 10. Rfe1 h6 11. Rad1 Ng4 12. Bc1 exd4 13. Nxd4 Nxf2 14. Kxf2 Qh4+ 15. Ke3 Bxd4+ 16. Kxd4 Qf2+ 17. Be3 c5+ 18. Kd3 Ne5+ 19. Kd2 Nxc4+ 20. Kc1 Nxe3 21. Qd2 Nxd1 22. Bxd1 Qxd2+ 23. Kxd2 Be6 24. Nd5 Bxd5 25. exd5 Rfe8 26. Rf1 Re4 27. Bf3 Rd4+ 28. Kc3 Re8 29. Rf2 f5 30. h3 Kg7 31. Kc2 Kf6 32. Kc3 b5 33. a3 a5 34. b3 Re3+ 35. Kc2 Rdd3 0-1


[Site "https://www.chess.com"]

[Event "Titled Tuesday Blitz January 25 2022"]
[White "Sinitsina, Anastassia"]
[Black "Zelbel, Patrick"]
[WhiteFideId "4504640"]
[BlackFideId "24624322"]
[WhiteElo "2144"]
[BlackElo "2493"]
[Result "1-0"]
[Round "01"]
[TimeControl "180+1"]
[Date "2022.01.26"]
[WhiteClock "0:00:16"]
[BlackClock "0:00:03"]

1. Nf3 Nf6 2. g3 g6 3. Bg2 Bg7 4. O-O O-O 5. d4 d6 6. c4 c6 7. Nc3 Qa5 8. Bd2 Qa6 9. b3 b5 10. cxb5 cxb5 11. a4 bxa4 12. Rxa4 Qb6 13. Ne5 Bb7 14. Nc4 Qc7 15. Nb5 Qd7 16. Bxb7 Qxb7 17. Nc3 Nbd7 18. Qc2 Rfc8 19. Rfa1 Nd5 20. Nxd5 Qxd5 21. Rxa7 Bxd4 22. Rxa8 Rxa8 23. Rxa8+ Qxa8 24. h4 h5 25. Be3 Qa1+ 26. Kg2 Bc3 27. Bg5 d5 28. Ne3 e6 29. Qd3 Qa5 30. Be7 Ne5 31. Qc2 Nc6 32. Bd6 d4 33. Nc4 Qd5+ 34. Kg1 e5 35. Qa2 e4 36. Qa8+ Kh7 37. Be5 Qd8 38. Qxc6 Qe7 39. Qxe4 Ba1 40. Qd3 Qe6 41. Bxd4 Bxd4 42. Qxd4 Qxe2 43. Qf6 Qe1+ 44. Kg2 Kg8 45. Qd8+ Kg7 46. Qd3 Qb1 47. Qxb1 1-0


[Site "https://www.chess.com"]

[Event "Titled Tuesday Blitz January 25 2022"]
[White "Sliwicki, Damian"]
[Black "Zarubitski, Viachaslau"]
[WhiteFideId "1127128"]
[BlackFideId "13509373"]
[WhiteElo "2084"]
[BlackElo "2325"]
[Result "0-1"]
[Round "01"]
[TimeControl "180+1"]
[Date "2022.01.26"]
[WhiteClock "0:00:02"]
[BlackClock "0:01:34"]

1. e4 c5 2. Nf3 e6 3. d4 cxd4 4. Nxd4 Nc6 5. Nc3 Qc7 6. g3 a6 7. Bg2 Nf6 8. O-O Nxd4 9. Qxd4 Bc5 10. Bf4 d6 11. Qd3 h6 12. Rad1 e5 13. Be3 Bxe3 14. fxe3 Be6 15. Qxd6 Qxd6 16. Rxd6 Rc8 17. Rb6 Rc7 18. Nd5 Rxc2 19. Nxf6+ gxf6 20. Rxb7 O-O 21. Rf2 Rc1+ 22. Rf1 Rfc8 23. h4 Bxa2 24. b3 R8c3 25. Rxc1 Rxc1+ 26. Kh2 Rc3 27. Rb6 Kg7 28. Rxa6 Bxb3 29. Ra3 Rxe3 30. Bf1 Rc3 31. Kg1 Rxg3+ 32. Kf2 Rc3 33. Ke1 Rc1+ 34. Kf2 Be6 35. Rg3+ Kf8 36. Rf3 Ke7 37. Ra3 Rc2+ 38. Kg3 Ra2 39. Rc3 Kf8 40. h5 Kg7 41. Kh4 Ra4 42. Bg2 f5 43. Rg3+ Kf8 44. Rc3 fxe4 45. Bh3 e3+ 46. Kg3 e2 47. Re3 Ra3 48. Kf2 Rxe3 49. Bxe6 e1=Q+ 50. Kg2 Rg3+ 0-1


[Site "https://www.chess.com"]

[Event "Titled Tuesday Blitz January 25 2022"]
[White "Srihari L R"]
[Black "Baches Garcia, Guillermo"]
[WhiteFideId "46617116"]
[BlackFideId "2209764"]
[WhiteElo "2121"]
[BlackElo "2405"]
[Result "1-0"]
[Round "01"]
[TimeControl "180+1"]
[Date "2022.01.26"]
[WhiteClock "0:01:02"]
[BlackClock "0:00:01"]

1. c4 Nf6 2. Nc3 e6 3. e4 c5 4. g3 d5 5. cxd5 exd5 6. exd5 Nxd5 7. Bg2 Be6 8. Nge2 Be7 9. O-O O-O 10. d4 c4 11. Nf4 Nxf4 12. Bxf4 Qd7 13. Qf3 Bh3 14. Bxh3 Qxh3 15. Qxb7 Nd7 16. Rfe1 Bf6 17. Rad1 Rfe8 18. Ne4 h5 19. Nd6 Rxe1+ 20. Rxe1 Rb8 21. Qd5 Rxb2 22. Qxf7+ Kh7 23. Nxc4 Rxa2 24. Ne5 Bxe5 25. dxe5 Rd2 26. Bxd2 1-0


[Site "https://www.chess.com"]

[Event "Titled Tuesday Blitz January 25 2022"]
[White "Steinberg, Nitzan"]
[Black "Santos Flores, Alberto"]
[WhiteFideId "2801795"]
[BlackFideId "3601234"]
[WhiteElo "2440"]
[BlackElo "2293"]
[Result "1-0"]
[Round "01"]
[TimeControl "180+1"]
[Date "2022.01.26"]
[WhiteClock "0:00:11"]
[BlackClock "0:00:13"]

1. e4 c5 2. Nf3 Nc6 3. d4 cxd4 4. Nxd4 g6 5. Nc3 Bg7 6. Nb3 Nf6 7. Be2 O-O 8. O-O d6 9. Bg5 b6 10. Qd2 Bb7 11. Rad1 Nd7 12. Rfe1 Rc8 13. Bh6 Nc5 14. Bxg7 Kxg7 15. f4 a5 16. Nd4 Nxd4 17. Qxd4+ Kg8 18. Bf1 Qc7 19. Qf2 Bc6 20. Re3 Qb7 21. Rd4 b5 22. Qh4 Kg7 23. Rh3 h5 24. f5 Qa7 25. Kh1 b4 26. Nd5 Bxd5 27. exd5 Nd7 28. Bd3 Ne5 29. Rg3 Rc5 30. fxg6 fxg6 31. Qxh5 Rf6 32. Rh4 Kf7 33. Qh8 1-0


[Site "https://www.chess.com"]

[Event "Titled Tuesday Blitz January 25 2022"]
[White "Suarez Uriel, Adrian"]
[Black "Bortnyk, Olexandr"]
[WhiteFideId "22230874"]
[BlackFideId "14120828"]
[WhiteElo "2316"]
[BlackElo "2723"]
[Result "1/2-1/2"]
[Round "01"]
[TimeControl "180+1"]
[Date "2022.01.26"]
[WhiteClock "0:00:17"]
[BlackClock "0:00:04"]

1. e4 Nf6 2. e5 Nd5 3. d4 d6 4. c4 Nb6 5. exd6 cxd6 6. Nc3 g6 7. Be3 Bg7 8. Rc1 O-O 9. b3 e5 10. dxe5 dxe5 11. Qxd8 Rxd8 12. c5 Nd5 13. Rd1 Be6 14. Bc4 Nc6 15. Bxd5 e4 16. Nge2 Bg4 17. Nxe4 Nb4 18. Nd6 Nxa2 19. f3 Bd7 20. Kf2 Nb4 21. Bxf7+ Kf8 22. Bc4 Bc6 23. Bd4 a5 24. Bxg7+ Kxg7 25. Nf4 Rd7 26. Ne6+ Kf6 27. g4 a4 28. g5+ Ke7 29. bxa4 Rxa4 30. Rhe1 h5 31. Nf4+ Kf8 32. Re8+ Kg7 33. Ne6+ Kh7 34. Nf7 Rxf7 35. Red8 Rxf3+ 36. Kg1 Nd3 37. R1xd3 Rxc4 38. Rxf3 Bxf3 39. Rd7+ Kh8 40. Rd8+ Kh7 41. Rd7+ Kg8 42. Rg7+ Kh8 43. Rxg6 Bd5 44. Rh6+ Kg8 45. Rg6+ Kf7 46. Rf6+ Ke7 47. Nf4 Rxc5 48. h4 Bf7 49. Kf2 b5 50. Rb6 Rc4 51. Ke3 Rc3+ 52. Kd4 Rc4+ 53. Ke5 Rc5+ 54. Ke4 Rc4+ 55. Ke3 Rc3+ 56. Kf2 Rc2+ 57. Ke3 Rc3+ 1/2-1/2


[Site "https://www.chess.com"]

[Event "Titled Tuesday Blitz January 25 2022"]
[White "Svane, Frederik"]
[Black "Ben Artzi, Ido"]
[WhiteFideId "12923044"]
[BlackFideId "2810913"]
[WhiteElo "2459"]
[BlackElo "2244"]
[Result "1-0"]
[Round "01"]
[TimeControl "180+1"]
[Date "2022.01.26"]
[WhiteClock "0:00:37"]
[BlackClock "0:00:02"]

1. e4 e5 2. Nf3 Nc6 3. Bb5 a6 4. Ba4 Nf6 5. O-O Be7 6. d3 b5 7. Bb3 d6 8. a3 O-O 9. Nc3 Na5 10. Ba2 c5 11. b4 Nc6 12. Nd5 Be6 13. Nxf6+ Bxf6 14. Bxe6 fxe6 15. bxc5 dxc5 16. Be3 Qd6 17. a4 Nd4 18. Bxd4 exd4 19. Qb1 Qc6 20. Qa2 Rfc8 21. Rfb1 h6 22. h3 Kh7 23. Qb2 Rab8 24. axb5 axb5 25. Ra5 c4 26. Rxb5 Rxb5 27. Qxb5 Qxb5 28. Rxb5 cxd3 29. cxd3 Rc1+ 30. Kh2 Rc3 31. e5 Bg5 32. Nxd4 Rxd3 33. Nxe6 Rd2 34. f4 Bh4 35. Nf8+ Kg8 36. Ng6 Bf2 37. Rb8+ Kf7 38. f5 Bc5 39. Rc8 Rc2 40. Rc7+ Kg8 41. Rd7 Re2 42. e6 Be3 43. Rd8+ Kh7 44. Rh8# 1-0


[Site "https://www.chess.com"]

[Event "Titled Tuesday Blitz January 25 2022"]
[White "Talibov, Shiroghlan"]
[Black "Pein, Jonathan"]
[WhiteFideId "13429078"]
[BlackFideId "417092"]
[WhiteElo "2070"]
[BlackElo "2140"]
[Result "1-0"]
[Round "01"]
[TimeControl "180+1"]
[Date "2022.01.26"]
[WhiteClock "0:02:14"]
[BlackClock "0:00:03"]

1. d4 d5 2. Nf3 Nf6 3. g3 c6 4. Bg2 e6 5. O-O Be7 6. c4 b6 7. Nc3 Bb7 8. Qd3 dxc4 9. Qxc4 b5 10. Qb3 a5 11. a3 Nbd7 12. Rd1 O-O 13. Ne5 Qc8 14. Bg5 Rd8 15. Rac1 a4 16. Qc2 h6 17. Bxf6 Bxf6 18. Nxd7 Qxd7 19. Ne4 Be7 20. Nc5 Bxc5 21. Qxc5 Rac8 22. e3 Qd6 23. Rc3 Qxc5 24. Rxc5 Rc7 25. Rdc1 Rdc8 26. Bf1 Kf8 27. Bxb5 Ke7 28. Bxa4 Kd6 29. b4 Ra8 30. Ra5 Rxa5 31. bxa5 Ba6 32. Rb1 Ra7 33. Rb6 Be2 34. Rxc6+ Kd5 35. Rc5+ Ke4 36. Bc6+ Kd3 37. Bb5+ Kd2 38. Bxe2 Kxe2 39. Kg2 g5 40. h4 f6 41. h5 f5 42. Rc6 Rxa5 43. Rxe6 Rxa3 44. Rxh6 f4 45. exf4 gxf4 46. Re6+ Kd3 47. gxf4 Kxd4 48. h6 1-0


[Site "https://www.chess.com"]